[Event "42nd Olympiad Baku 2016 Open"]
[Site "Baku"]
[Date "2016.09.05"]
[Round "4.23"]
[White "Andreasen, Joan Hendrik"]
[Black "Kjartansson, Gudmundur"]
[Result "0-1"]
[ECO "E46"]
[WhiteElo "2239"]
[BlackElo "2442"]
[Annotator ""]
[PlyCount "112"]
[EventDate "2016.??.??"]
[EventCountry "AZE"]
[SourceTitle "playchess.com"]
[Source "ChessBase"]
[WhiteTeam "Faroe Islands"]
[BlackTeam "Iceland"]
[WhiteTeamCountry "FAI"]
[BlackTeamCountry "ISL"]
[TimeControl "40/5400+30:1800+30"]

1. d4 {(00:00)} Nf6 {(00:00)} 2. c4 {(00:00)} e6 {(
00:00)} 3. Nc3 {(00:41)} Bb4 {(00:00)} 4. e3 {(01:08)} O-O
{(00:18)} 5. Nge2 {(00:21)} c6 {(00:20)} 6. a3 {(
02:17)} Ba5 {(00:11)} 7. b4 {(08:26)} Bc7 {(00:05)} 8. e4
{(06:16)} d6 {(02:44)} 9. Ng3 {(11:29)} e5 {(00:59]
} 10. d5 {(05:22)} a5 {(00:56)} 11. Rb1 {(05:58)} Bb6 {
(08:56)} 12. Be2 {(03:30)} Bd4 {(02:16)} 13. Qb3 {(
05:35)} axb4 {(12:03)} 14. axb4 {(00:08)} Na6 {(05:54)}
15. O-O {(08:43)} Bd7 {(02:41)} 16. Nd1 c5 {(05:20)} 17.
b5 {(07:08)} Nb4 {(00:55)} 18. Bg5 {(02:27)} h6 {(
00:56)} 19. Bd2 {(01:14)} Qa5 {(02:41)} 20. Ne3 {(04:11)}
Qa2 {(09:47)} 21. Rfd1 {(07:44)} Ra3 {(09:02)} 22. Qxa2 {
(00:53)} Rxa2 {(00:05)} 23. Bxb4 {(03:15)} cxb4 {(
01:10)} 24. Rxb4 {(01:00)} Nxe4 {(10:30)} 25. Nxe4 {(00:
19)} Rxe2 {(00:16)} 26. Ra4 {(01:20)} f5 {(01:00)} 27.
Nxd6 {(03:24)} f4 {(00:28)} 28. Nf1 {(01:03)} Bxf2+ {
(00:40)} 29. Kh1 {(00:04)} e4 {(04:49)} 30. c5 {(
05:03)} Bxc5 {(04:04)} 31. Nxe4 {(02:12)} Bb6 {(01:04)}
32. Ned2 {(01:26)} g5 {(06:52)} 33. h3 {(00:13)} f3 {
(01:44)} 34. g4 {(02:14)} f2 {(02:31)} 35. Rb1 {(
00:35)} Re1 {(02:08)} 36. Raa1 {(01:03)} Rfe8 {(01:19)}
37. Kg2 {(00:16)} Bd4 {(01:25)} 38. Ra4 {(00:41)} Bc5 {
(00:36)} 39. Rc4 {(00:23)} b6 {(00:20)} 40. Rb3 {(
00:00)} Kg7 {(00:00)} 41. Rxc5 {(10:35)} bxc5 {(02:45)}
42. b6 {(00:11)} R1e7 {(13:32)} 43. Ng3 {(07:47)} Bc8 {
(08:57)} 44. Rc3 {(01:22)} Rb7 {(01:04)} 45. Nc4 {(
03:31)} Rd8 {(00:15)} 46. d6 {(02:54)} Rf7 {(00:21)} 47.
Re3 {(01:56)} Bb7+ {(02:54)} 48. Kf1 {(01:14)} Ba6 {
(00:26)} 49. Re4 {(01:21)} Rxd6 {(00:49)} 50. Nf5+ {
(00:28)} Rxf5 {(00:07)} 51. gxf5 {(00:06)} Rxb6 {(
00:53)} 52. Kxf2 {(00:10)} Bxc4 {(00:17)} 53. Rxc4 {(00:
05)} Rb5 {(00:45)} 54. Ra4 {(02:35)} Rb6 {(02:55)} 55. Ke3
{(01:45)} Kf6 {(00:13)} 56. Ke4 {(00:41)} Rb4+ {(
00:10)} 0-1

[Event "42nd Olympiad Baku 2016 Open"]
[Site "Baku"]
[Date "2016.09.05"]
[Round "4.39"]
[White "Anton Guijarro, David"]
[Black "Vera Siguenas, Deivy"]
[Result "1-0"]
[ECO "E90"]
[WhiteElo "2630"]
[BlackElo "2499"]
[Annotator ""]
[PlyCount "65"]
[EventDate "2016.??.??"]
[EventCountry "AZE"]
[SourceTitle "playchess.com"]
[Source "ChessBase"]
[WhiteTeam "Spain"]
[BlackTeam "Peru"]
[WhiteTeamCountry "ESP"]
[BlackTeamCountry "PER"]
[TimeControl "40/5400+30:1800+30"]

1. d4 {(00:00)} Nf6 {(00:00)} 2. c4 {(00:00)} g6 {(
00:00)} 3. Nc3 {(00:08)} Bg7 {(00:00)} 4. e4 {(00:22)} d6
{(00:00)} 5. Nf3 {(00:26)} O-O {(00:00)} 6. h3 {(
00:26)} e5 {(00:18)} 7. d5 {(00:09)} Nh5 {(01:17)} 8. a3 {
(00:32)} Qe8 {(06:44)} 9. Be3 {(00:12)} f5 {(02:35]
} 10. c5 {(00:14)} Nf6 {(20:35)} 11. Bc4 {(06:28)} h6 {
(04:49)} 12. b4 {(05:40)} Nxe4 {(05:47)} 13. Nxe4 {
(00:48)} fxe4 {(00:06)} 14. Nd2 {(00:14)} Nd7 {(00:
39)} 15. Nxe4 {(10:24)} Nf6 {(00:46)} 16. Nxf6+ {(00:48)}
Rxf6 {(00:04)} 17. Qd2 {(00:44)} Kh7 {(04:54)} 18. O-O {
(02:22)} Bf5 {(02:45)} 19. Rac1 {(06:03)} Qf7 {(01:
23)} 20. cxd6 {(06:35)} cxd6 {(02:28)} 21. b5 {(03:08)} g5
{(04:21)} 22. Be2 {(04:34)} Qd7 {(13:24)} 23. a4 {(
05:19)} Rf7 {(04:55)} 24. Qb4 {(06:17)} e4 {(06:23)} 25.
Rc4 {(01:55)} Kh8 {(04:28)} 26. Rfc1 {(11:33)} Qd8 {
(03:59)} 27. Bg4 {(02:58)} Qf8 {(00:09)} 28. Bxf5 {
(05:27)} Rxf5 {(00:03)} 29. Rc7 {(00:17)} Rxd5 {(
03:57)} 30. Qxe4 {(00:43)} Qf5 {(03:49)} 31. Qxf5 {(00:11]
} Rxf5 {(00:04)} 32. Rxb7 {(00:27)} a6 {(00:06)} 33. bxa6
{(01:34)} 1-0

[Event "42nd Olympiad Baku 2016 Open"]
[Site "Baku"]
[Date "2016.09.05"]
[Round "4.6"]
[White "Anwuli Daniel"]
[Black "Davy, Damion"]
[Result "1/2-1/2"]
[ECO "A34"]
[WhiteElo "2336"]
[BlackElo "2117"]
[Annotator ""]
[PlyCount "164"]
[EventDate "2016.??.??"]
[EventCountry "AZE"]
[SourceTitle "playchess.com"]
[Source "ChessBase"]
[WhiteTeam "Nigeria"]
[BlackTeam "Jamaica"]
[WhiteTeamCountry "NGR"]
[BlackTeamCountry "JAM"]
[TimeControl "40/5400+30:1800+30"]

1. c4 {(00:00)} Nf6 {(00:16)} 2. g3 {(00:00)} c5 {(
00:05)} 3. Bg2 {(00:00)} d5 {(00:02)} 4. cxd5 {(00:00)}
Nxd5 {(00:03)} 5. Nc3 {(00:00)} Nc7 {(00:01)} 6. Nf3 {
(00:01)} Nc6 {(00:03)} 7. O-O {(00:06)} e5 {(00:02]
} 8. a3 {(00:04)} Be7 {(02:48)} 9. b4 {(00:06)} Be6 {
(02:09)} 10. Rb1 {(03:24)} cxb4 {(07:58)} 11. axb4 {
(00:08)} b5 {(04:32)} 12. d3 {(09:08)} f6 {(03:11)}
13. Bd2 {(00:31)} O-O {(00:42)} 14. Ne4 {(00:44)} Nd5 {
(04:25)} 15. Nc3 {(06:21)} Qb6 {(07:16)} 16. Nxd5 {
(01:01)} Bxd5 {(00:05)} 17. Qc2 {(05:24)} Rac8 {(
03:25)} 18. Qb2 {(02:15)} Kh8 {(07:19)} 19. Rfc1 {(08:25)}
Bxf3 {(09:06)} 20. exf3 {(04:23)} Nd4 {(09:22)} 21. Kh1 {
(12:45)} Qd6 {(04:20)} 22. f4 {(03:19)} Rxc1+ {(02:
58)} 23. Qxc1 {(00:09)} Ne2 {(03:03)} 24. Qa3 {(11:32)}
exf4 {(01:55)} 25. Re1 {(01:40)} Nd4 {(09:29)} 26. Qxa7 {
(01:13)} Bd8 {(01:01)} 27. Bxf4 {(06:55)} Qxb4 {(
00:32)} 28. Rf1 {(01:01)} Be7 {(02:52)} 29. Be3 {(03:08)}
Nc2 {(02:01)} 30. Bb6 {(04:24)} Qa3 {(02:30)} 31. Qd7 {
(03:07)} Bc5 {(03:48)} 32. Qxb5 {(04:44)} Bxb6 {(
00:15)} 33. Qxb6 {(00:01)} Qxd3 {(00:10)} 34. Qc5 {(00:22]
} Rd8 {(00:29)} 35. h4 {(01:14)} Qe2 {(02:23)} 36. Qc7 {
(01:20)} Re8 {(00:26)} 37. Rc1 {(02:24)} Ne1 {(01:
37)} 38. Qd7 {(01:40)} Nxg2 {(03:16)} 39. Rc8 {(00:43)}
Rg8 {(00:21)} 40. Kxg2 {(00:00)} h6 {(00:00)} 41. Rc7 {
(03:09)} Qe4+ {(00:21)} 42. Kh2 {(00:18)} Qe8 {(00:
15)} 43. Qd3 {(00:22)} Qe5 {(00:25)} 44. Rc4 {(00:39)} Qe6
{(02:22)} 45. Re4 {(01:46)} Qf5 {(00:39)} 46. Kg2 {
(00:24)} Qc8 {(00:49)} 47. Qe3 {(00:12)} Qa8 {(01:
41)} 48. Kh2 {(00:13)} Qc8 {(00:52)} 49. Re7 {(00:20)} Qf5
{(00:16)} 50. Re4 {(00:23)} Qc8 {(00:32)} 51. Re6 {
(01:22)} Qc2 {(00:32)} 52. Qf3 Qc4 {(04:24)} 53. Rc6 {
(04:20)} Qb5 {(01:43)} 54. Rd6 {(01:03)} Qe5 {(00:
52)} 55. Rd5 {(00:06)} Qe6 {(00:26)} 56. Qd3 {(03:23)} Re8
{(01:19)} 57. Rd8 {(07:33)} Rxd8 {(00:17)} 58. Qxd8+ {
(00:02)} Kh7 {(00:14)} 59. Qa8 {(00:07)} Qf5 {(00:
18)} 60. Kg2 {(00:07)} Qe5 {(00:51)} 61. Qc6 {(01:38)} Qf5
{(00:27)} 62. Qf3 {(01:20)} Qe5 {(01:02)} 63. Qd3+ {
(00:27)} Kh8 {(00:49)} 64. Kf3 {(00:40)} Qh5+ {(00:
26)} 65. Kf4 {(02:04)} Qe5+ {(03:15)} 66. Kg4 {(01:19)}
Qe6+ {(00:30)} 67. Kf3 {(00:31)} Qc6+ {(00:06)} 68. Qe4 {
(00:04)} Qxe4+ {(02:24)} 69. Kxe4 {(00:01)} Kh7 {(
00:07)} 70. Kf5 {(11:58)} Kh8 {(00:50)} 71. Ke6 {(02:32)}
Kg8 {(01:13)} 72. Ke7 {(00:01)} Kh8 {(00:18)} 73. f4 {
(00:08)} Kh7 {(01:04)} 74. Kf7 {(00:43)} Kh8 {(00:
06)} 75. g4 {(00:16)} Kh7 {(00:12)} 76. Kf8 {(02:27)} Kh8
{(00:48)} 77. Ke7 {(00:19)} Kh7 {(00:18)} 78. Ke6 {
(00:12)} Kh8 {(00:04)} 79. f5 {(00:38)} Kh7 {(00:
18)} 80. Kf7 {(00:41)} Kh8 {(00:01)} 81. Kg6 {(01:09)} Kg8
{(00:01)} 82. h5 {(00:35)} Kh8 {(00:14)} 1/2-1/2

[Event "42nd Olympiad Baku 2016 Open"]
[Site "Baku"]
[Date "2016.09.05"]
[Round "4.17"]
[White "Arab, Adlane"]
[Black "Salem, A R  Saleh"]
[Result "1/2-1/2"]
[ECO "E52"]
[WhiteElo "2493"]
[BlackElo "2628"]
[Annotator ""]
[PlyCount "59"]
[EventDate "2016.??.??"]
[EventCountry "AZE"]
[SourceTitle "playchess.com"]
[Source "ChessBase"]
[WhiteTeam "Algeria"]
[BlackTeam "United Arab Emirates"]
[WhiteTeamCountry "ALG"]
[BlackTeamCountry "UAE"]
[TimeControl "40/5400+30:1800+30"]

1. d4 {(00:00)} Nf6 {(00:00)} 2. c4 {(00:00)} e6 {(
00:00)} 3. Nc3 {(00:16)} Bb4 {(00:00)} 4. e3 {(00:20)} O-O
{(00:00)} 5. Nf3 {(00:14)} d5 {(00:32)} 6. Bd3 {(
00:39)} b6 {(00:07)} 7. O-O {(00:45)} Bb7 {(00:07)} 8. a3
{(01:14)} Bd6 {(00:13)} 9. b3 {(02:33)} dxc4 {(04:
07)} 10. Bxc4 {(01:44)} Nbd7 {(01:02)} 11. Bb2 {(03:07)}
a6 {(03:01)} 12. b4 {(04:49)} Qe7 {(06:09)} 13. d5 {
(05:45)} b5 {(21:00)} 14. Bb3 {(04:36)} c5 {(05:26]
} 15. dxc6 {(06:37)} Bxc6 {(02:37)} 16. Ne2 {(00:05)} e5 {
(09:06)} 17. Ng3 {(05:47)} g6 {(00:32)} 18. Nh4 Ne4 {
(16:53)} 19. Nxe4 {(18:45)} Bxe4 {(00:09)} 20. Qg4 {
(00:17)} Nf6 {(00:59)} 21. Qg5 {(00:14)} h6 {(08:
49)} 22. Qg3 {(05:16)} Kh7 {(00:01)} 23. Rfd1 {(01:05)}
Rae8 {(00:16)} 24. f3 {(03:31)} Nh5 {(04:08)} 25. Qg4 {
(00:06)} Nf6 {(00:23)} 26. Qg3 {(00:10)} Nh5 {(00:
01)} 27. Qg4 {(00:05)} Nf6 {(00:08)} 28. Qh3 Nh5 29. Nf5 Ba8 30.
Nh4 1/2-1/2

[Event "42nd Olympiad Baku 2016 Open"]
[Site "Baku"]
[Date "2016.09.05"]
[Round "4.1"]
[White "Arias, Lemnys A"]
[Black "Kulashko, Alexei"]
[Result "0-1"]
[ECO "B80"]
[WhiteElo "2305"]
[BlackElo "2348"]
[Annotator ""]
[PlyCount "77"]
[EventDate "2016.??.??"]
[EventCountry "AZE"]
[SourceTitle "playchess.com"]
[Source "ChessBase"]
[WhiteTeam "El Salvador"]
[BlackTeam "New Zealand"]
[WhiteTeamCountry "ESA"]
[BlackTeamCountry "NZL"]
[TimeControl "40/5400+30:1800+30"]

1. e4 {(00:02)} c5 {(00:00)} 2. Nf3 {(00:05)} e6 {(
00:00)} 3. d4 {(00:10)} cxd4 {(00:00)} 4. Nxd4 {(00:03)}
Nf6 {(00:00)} 5. Nc3 {(00:04)} d6 {(00:03)} 6. g3 {
(03:12)} Be7 {(00:23)} 7. Bg2 {(00:02)} O-O {(00:
07)} 8. O-O {(00:12)} Nc6 {(00:06)} 9. Nb3 {(01:31)} Bd7 {
(07:48)} 10. f4 {(01:53)} b5 {(10:58)} 11. a3 {(13:
47)} Qb6+ {(14:33)} 12. Kh1 {(02:14)} a5 {(05:09)} 13. Qf3
{(16:58)} b4 {(08:47)} 14. Be3 {(01:15)} Qc7 {(06:
59)} 15. axb4 {(04:32)} Nxb4 {(00:42)} 16. Qe2 {(07:59)}
e5 {(01:58)} 17. Qd2 {(13:34)} Bc6 {(03:52)} 18. Rfd1 {
(27:06)} Rfd8 {(13:57)} 19. Nd5 {(02:26)} Bxd5 {(
04:41)} 20. exd5 {(00:02)} e4 {(04:07)} 21. Bd4 {(02:18)}
Qxc2 {(01:49)} 22. Qxc2 {(00:53)} Nxc2 {(00:02)} 23. Rxa5
{(00:01)} Rab8 {(01:54)} 24. Bxf6 {(01:01)} Bxf6 {(
01:30)} 25. Bxe4 {(00:01)} Ne3 {(02:18)} 26. Rd3 {(00:01)}
Nc4 {(00:05)} 27. Ra2 {(01:32)} Re8 {(00:47)} 28. Bf3 {
(00:35)} Nxb2 {(00:30)} 29. Rxb2 {(00:14)} Bxb2 {(
00:06)} 30. Na5 Rb4 {(02:12)} 31. Nc6 {(00:43)} Rc4 {(00:
40)} 32. Kg2 {(00:52)} Rc2+ {(00:37)} 33. Kh3 {(00:03)} g6
{(02:15)} 34. Bd1 {(01:02)} Rf2 {(00:43)} 35. Bf3 {
(00:28)} h5 {(01:17)} 36. f5 {(00:30)} Kg7 {(00:58]
} 37. fxg6 {(00:02)} fxg6 {(00:09)} 38. Rb3 {(00:58)} Bf6
{(02:22)} 39. Bg4 {(01:09)} 0-1

[Event "42nd Olympiad Baku 2016 Open"]
[Site "Baku"]
[Date "2016.09.05"]
[Round "4.33"]
[White "Asadli, Vugar"]
[Black "Atabayev, Maksat"]
[Result "1/2-1/2"]
[ECO "B22"]
[WhiteElo "2406"]
[BlackElo "2485"]
[Annotator ""]
[PlyCount "63"]
[EventDate "2016.??.??"]
[EventCountry "AZE"]
[SourceTitle "playchess.com"]
[Source "ChessBase"]
[WhiteTeam "Azerbaijan"]
[BlackTeam "Turkmenistan"]
[WhiteTeamCountry "AZE"]
[BlackTeamCountry "TKM"]
[TimeControl "40/5400+30:1800+30"]

1. e4 {(00:00)} c5 {(00:02)} 2. c3 {(00:00)} d6 {(
03:40)} 3. d4 {(00:00)} Nf6 {(00:04)} 4. Bd3 {(00:11)} g6
{(00:20)} 5. Nf3 {(02:21)} Bg7 {(00:18)} 6. h3 {(
00:07)} O-O {(00:09)} 7. O-O {(00:55)} cxd4 {(06:26)} 8.
cxd4 {(01:06)} Nc6 {(00:06)} 9. Nc3 {(00:46)} e5 {(
00:37)} 10. dxe5 {(01:06)} dxe5 {(00:15)} 11. Be3 {(06:02]
} b6 {(03:16)} 12. Bb5 {(03:17)} Bb7 {(00:13)} 13. Qa4 {
(01:02)} Nd4 {(11:58)} 14. Nxd4 {(10:29)} exd4 {(
00:10)} 15. Rad1 {(01:40)} a6 {(00:20)} 16. Be2 {(00:09)}
Nxe4 {(05:35)} 17. Nxe4 {(07:43)} Bxe4 {(00:39)} 18. Bxd4
{(01:49)} b5 {(01:34)} 19. Qb4 {(00:01)} Qg5 {(01:
13)} 20. Bg4 {(11:31)} a5 {(04:20)} 21. Qc5 {(04:51)} Qxc5
{(03:22)} 22. Bxc5 {(00:14)} Rfd8 {(00:04)} 23. b3 {
(00:27)} Bf8 {(01:43)} 24. Be3 {(02:55)} a4 {(12:
09)} 25. Be2 {(04:24)} axb3 {(17:59)} 26. axb3 {(01:34)}
Bc2 {(01:47)} 27. Rxd8 {(01:17)} Rxd8 {(00:05)} 28. Bxb5 {
(00:06)} Bxb3 {(00:04)} 29. Rb1 {(00:08)} Bc2 {(01:
18)} 30. Rc1 {(00:05)} Rd1+ {(00:27)} 31. Rxd1 {(00:01)}
Bxd1 {(00:09)} 32. Kf1 {(00:01)} 1/2-1/2

[Event "42nd Olympiad Baku 2016 Open"]
[Site "Baku"]
[Date "2016.09.05"]
[Round "4.4"]
[White "Asmar, Elie"]
[Black "Alzaim, Talal"]
[Result "1-0"]
[ECO "C03"]
[WhiteElo "2026"]
[BlackElo "2259"]
[Annotator ""]
[PlyCount "119"]
[EventDate "2016.??.??"]
[EventCountry "AZE"]
[SourceTitle "playchess.com"]
[Source "ChessBase"]
[WhiteTeam "Lebanon"]
[BlackTeam "Syria"]
[WhiteTeamCountry "LBN"]
[BlackTeamCountry "SYR"]
[TimeControl "40/5400+30:1800+30"]

1. e4 {(00:00)} e6 {(00:00)} 2. d4 {(00:00)} d5 {(
00:00)} 3. Nd2 {(00:39)} Be7 {(00:15)} 4. Ngf3 {(01:08)}
Nf6 {(00:10)} 5. e5 {(00:21)} Nfd7 {(00:03)} 6. Bd3 {
(00:09)} c5 {(00:05)} 7. c3 {(00:16)} Nc6 {(00:50)}
8. O-O {(00:15)} Qb6 {(00:39)} 9. dxc5 {(02:42)} Nxc5 {
(00:25)} 10. Bc2 {(00:14)} Qc7 {(00:26)} 11. Re1 {(
01:55)} b6 {(04:19)} 12. Nb3 {(02:52)} Nd7 {(00:49)} 13.
Qe2 {(11:01)} a5 {(00:20)} 14. Nbd4 {(02:07)} Ba6 {
(00:23)} 15. Nb5 {(01:36)} Qb8 {(01:27)} 16. a4 {(
00:44)} h6 {(01:07)} 17. Bf4 {(00:52)} g5 {(02:40)} 18.
Bg3 {(00:08)} h5 {(00:18)} 19. h4 {(02:59)} gxh4 {(
07:28)} 20. Nxh4 {(00:23)} Bxb5 {(24:27)} 21. axb5 {(04:
31)} Ncxe5 {(08:43)} 22. Ng6 {(02:00)} fxg6 {(06:10)} 23.
Bxg6+ {(00:34)} Kd8 {(09:04)} 24. Bxe5 {(00:23)} Nxe5 {
(00:25)} 25. Qxe5 {(00:23)} Qxe5 {(00:37)} 26. Rxe5 {
(00:09)} Kc7 {(07:57)} 27. Rxe6 {(07:34)} Bc5 {(00:
06)} 28. Rd1 {(02:58)} Rad8 {(03:10)} 29. Rd2 {(19:24)} h4
{(00:42)} 30. Kh2 {(00:35)} d4 {(12:06)} 31. Rc6+ {
(02:23)} Kb8 {(02:23)} 32. cxd4 {(14:36)} Bxd4 {(
00:22)} 33. Kh3 {(00:25)} Bc5 {(01:41)} 34. Re2 {(02:02)}
Rd1 {(00:53)} 35. f4 {(05:15)} Rh1+ {(00:46)} 36. Kg4 {
(00:08)} h3 {(01:48)} 37. gxh3 {(01:06)} R1xh3 {(
02:00)} 38. f5 {(09:00)} Rb3 {(01:27)} 39. f6 {(01:02)}
Rxb5 {(01:11)} 40. f7 {(00:00)} Kb7 {(00:00)} 41. Be4 {
(06:45)} Ka7 {(06:38)} 42. Rc7+ {(00:54)} Kb8 {(00:
01)} 43. Rb7+ {(00:47)} Kc8 {(00:04)} 44. Bc6 {(00:26)}
Rb4+ {(02:08)} 45. Kg5 {(00:22)} Rd4 {(02:23)} 46. Ra7 {
(12:16)} Rdd8 {(01:56)} 47. Re8 {(02:45)} Bd6 {(02:
16)} 48. Ra8+ {(04:52)} Bb8 {(01:58)} 49. Rxd8+ {(00:20)}
Rxd8 {(00:06)} 50. Rxb8+ {(00:12)} Kxb8 {(00:05)} 51. Be8
{(00:06)} Rd5+ {(01:17)} 52. Kg6 {(00:33)} Rd6+ {(
00:48)} 53. Kg7 {(00:15)} Rd2 {(00:48)} 54. f8=Q {(00:11)}
Rxb2 {(00:09)} 55. Bb5+ {(00:20)} Kc7 {(00:43)} 56. Qe7+ {
(00:11)} Kb8 {(00:29)} 57. Qd6+ {(01:03)} Kb7 {(00:
56)} 58. Bc6+ {(00:02)} Ka6 {(00:29)} 59. Qb8 {(01:31)} a4
{(00:20)} 60. Qa8# {(00:09)} 1-0

[Event "42nd Olympiad Baku 2016 Open"]
[Site "Baku"]
[Date "2016.09.05"]
[Round "4.34"]
[White "Atabayev, Yusup"]
[Black "Bashirli, Nail"]
[Result "1-0"]
[ECO "B03"]
[WhiteElo "2453"]
[BlackElo "2387"]
[Annotator ""]
[PlyCount "69"]
[EventDate "2016.??.??"]
[EventCountry "AZE"]
[SourceTitle "playchess.com"]
[Source "ChessBase"]
[WhiteTeam "Turkmenistan"]
[BlackTeam "Azerbaijan"]
[WhiteTeamCountry "TKM"]
[BlackTeamCountry "AZE"]
[TimeControl "40/5400+30:1800+30"]

1. e4 {(00:00)} Nf6 {(00:00)} 2. e5 {(00:05)} Nd5 {
(00:00)} 3. d4 {(00:18)} d6 {(00:00)} 4. c4 {(00:
09)} Nb6 {(00:00)} 5. exd6 {(00:05)} cxd6 {(00:00)} 6. Nc3
{(00:07)} g6 {(00:00)} 7. Be3 {(00:17)} Bg7 {(00:
01)} 8. Rc1 {(00:06)} O-O {(00:05)} 9. h3 {(06:53)} d5 {
(02:36)} 10. c5 {(02:36)} Nc4 {(02:32)} 11. Bxc4 {(
00:23)} dxc4 {(00:05)} 12. Nge2 {(00:59)} Bf5 {(08:30)}
13. b3 {(02:14)} Bd3 {(06:48)} 14. bxc4 {(02:09)} Bxc4 {
(00:32)} 15. O-O {(01:49)} Nc6 {(01:55)} 16. Qa4 {(
03:17)} Bxe2 {(03:42)} 17. Nxe2 {(01:34)} Qd5 {(37:43)}
18. Nc3 {(03:21)} Qf5 {(02:32)} 19. d5 {(04:46)} Ne5 {
(01:01)} 20. Rfd1 {(00:20)} Rfd8 {(05:40)} 21. f4 {
(04:45)} Bh6 {(14:02)} 22. Qd4 {(11:15)} Nc6 {(00:
51)} 23. Qc4 {(00:05)} Na5 {(02:16)} 24. Qb4 {(02:33)} b6
{(00:58)} 25. c6 {(01:34)} Bg7 {(02:13)} 26. g4 {(
04:18)} Qc8 {(00:53)} 27. Nb5 {(02:34)} h5 {(02:46)} 28.
c7 {(00:36)} Re8 {(01:43)} 29. d6 {(03:58)} exd6 {(
00:02)} 30. Nxd6 {(00:05)} Qe6 {(00:59)} 31. Bf2 {(00:11)}
hxg4 {(02:26)} 32. Re1 {(00:20)} Qd5 {(00:44)} 33. Nxe8 {
(00:46)} g3 {(02:07)} 34. Nxg7 {(00:10)} gxf2+ {(
00:18)} 35. Kxf2 {(00:05)} 1-0

[Event "42nd Olympiad Baku 2016 Open"]
[Site "Baku"]
[Date "2016.09.05"]
[Round "4.19"]
[White "Averbukh, Alex"]
[Black "Lima, Osvaldo Dos Santos"]
[Result "1-0"]
[ECO "C68"]
[WhiteElo "2223"]
[BlackElo "1782"]
[Annotator ""]
[PlyCount "93"]
[EventDate "2016.??.??"]
[EventCountry "AZE"]
[SourceTitle "playchess.com"]
[Source "ChessBase"]
[WhiteTeam "Japan"]
[BlackTeam "STP"]
[WhiteTeamCountry "JPN"]
[TimeControl "40/5400+30:1800+30"]

1. e4 {(00:00)} e5 {(00:27)} 2. Nf3 {(00:02)} Nc6 {
(00:19)} 3. Bb5 {(00:11)} a6 {(00:47)} 4. Bxc6 {(
00:24)} dxc6 {(00:48)} 5. d4 {(00:16)} Bg4 {(00:58)} 6.
dxe5 {(00:21)} Qxd1+ {(00:44)} 7. Kxd1 {(00:03)} O-O-O+ {
(00:37)} 8. Ke2 {(00:14)} Bc5 {(01:44)} 9. Be3 {(
00:55)} Bxe3 {(01:39)} 10. Kxe3 {(00:47)} Bxf3 {(00:40)}
11. gxf3 {(00:28)} Ne7 {(01:17)} 12. f4 {(06:36)} f5 {
(01:06)} 13. exf6 {(00:44)} gxf6 {(00:29)} 14. Nc3 {
(00:12)} Rde8 {(00:48)} 15. Rad1 {(02:41)} Nf5+ {(
00:41)} 16. Kf3 {(01:21)} Nd6 {(00:39)} 17. Rhg1 {(00:45)}
Re7 {(00:05)} 18. b3 {(03:15)} b6 {(00:37)} 19. Rde1 {
(00:40)} Rhe8 {(00:36)} 20. Re3 {(00:40)} Nf7 {(01:
15)} 21. Ke2 {(01:45)} Nd6 {(01:01)} 22. f3 {(01:49)} b5 {
(01:27)} 23. Kf2 {(00:47)} Kd7 {(03:14)} 24. Rd3 {(
07:02)} Ke6 {(02:14)} 25. Ne2 {(01:57)} c5 {(00:32)} 26.
Rd5 {(04:25)} Nb7 {(01:57)} 27. Ng3 {(02:38)} c6 {(
01:14)} 28. Rdd1 {(01:13)} Rd8 {(03:39)} 29. f5+ {(06:46)}
Kf7 {(05:59)} 30. Rxd8 {(00:11)} Nxd8 {(00:17)} 31. Nh5 {
(00:57)} Nb7 {(00:34)} 32. Nf4 {(01:24)} Nd8 {(02:
54)} 33. Rd1 {(00:34)} Nb7 {(00:37)} 34. Ne6 {(00:13)} Ke8
{(00:22)} 35. f4 {(00:40)} Rd7 {(01:19)} 36. Rxd7 {
(00:36)} Kxd7 {(00:16)} 37. Nf8+ {(00:18)} Ke7 {(
00:03)} 38. Nxh7 {(00:11)} c4 {(01:35)} 39. bxc4 {(00:28)}
Nd6 {(00:50)} 40. Nxf6 {(00:00)} Nxc4 {(00:00)} 41. Ng4 {
(01:14)} Na3 {(00:59)} 42. f6+ {(00:14)} Kf7 {(00:
28)} 43. e5 {(00:25)} Nxc2 {(00:08)} 44. f5 {(00:19)} Nd4
{(00:56)} 45. e6+ {(00:09)} Kf8 {(01:42)} 46. Ne5 {
(00:48)} Nxf5 {(01:06)} 47. Nd7+ {(00:10)} 1-0

[Event "42nd Olympiad Baku 2016 Open"]
[Site "Baku"]
[Date "2016.09.05"]
[Round "4.30"]
[White "Ayyad, Maher"]
[Black "Henriquez Villagra, Cristobal"]
[Result "0-1"]
[ECO "A46"]
[WhiteElo "2076"]
[BlackElo "2508"]
[Annotator ""]
[PlyCount "74"]
[EventDate "2016.??.??"]
[EventCountry "AZE"]
[SourceTitle "playchess.com"]
[Source "ChessBase"]
[WhiteTeam "Brunei"]
[BlackTeam "Chile"]
[WhiteTeamCountry "BRN"]
[BlackTeamCountry "CHI"]
[TimeControl "40/5400+30:1800+30"]

1. d4 {(00:00)} Nf6 {(00:00)} 2. Nf3 {(00:02)} e6 {
(00:17)} 3. g3 {(00:05)} b6 {(01:05)} 4. Bg2 {(00:
05)} Bb7 {(00:22)} 5. O-O {(00:14)} d5 {(00:27)} 6. c4 {
(00:39)} Nbd7 {(01:38)} 7. Nc3 {(01:42)} Be7 {(06:
24)} 8. cxd5 {(01:35)} exd5 {(00:07)} 9. Bf4 {(01:14)} a6
{(03:16)} 10. Rc1 {(02:49)} O-O {(00:26)} 11. Ne5 {
(01:04)} Re8 {(37:20)} 12. Qb3 {(06:26)} Nf8 {(03:
52)} 13. e4 {(03:33)} c6 {(06:15)} 14. exd5 {(03:42)} cxd5
{(00:11)} 15. Na4 {(05:43)} b5 {(07:10)} 16. Bh3 {(
05:02)} Bc8 {(05:04)} 17. Nc6 {(18:11)} bxa4 {(01:36)} 18.
Qc2 {(00:12)} Bxh3 {(01:17)} 19. Nxd8 {(00:42)} Bxf1 {
(00:40)} 20. Kxf1 {(01:41)} Rexd8 {(04:04)} 21. Qxa4 {
(02:48)} Ne6 {(00:19)} 22. Bd2 {(00:24)} Rdb8 {(02:
35)} 23. b3 {(02:03)} Bd8 {(00:45)} 24. f3 {(01:09)} Bb6 {
(02:52)} 25. Be3 {(00:10)} Ne8 {(00:24)} 26. Qc6 {(
04:07)} N8c7 {(02:52)} 27. a4 {(02:25)} a5 {(00:06)} 28.
f4 {(02:29)} Na6 {(04:11)} 29. Qxd5 {(00:55)} Nb4 {
(00:15)} 30. Qe4 {(00:20)} Re8 {(01:02)} 31. Qf3 {(
04:08)} Rad8 {(00:47)} 32. Kg2 {(01:44)} Bxd4 {(01:40)}
33. Bxd4 {(05:18)} Nxd4 {(00:06)} 34. Qf1 {(00:09)} Re2+ {
(01:49)} 35. Kh3 {(00:14)} Nd3 {(01:58)} 36. Rc3 {(
00:36)} Nf2+ {(00:22)} 37. Kh4 {(00:09)} Nf5+ {(01:00)}
0-1